 Dungeon Crawl Stone Soup version 0.14-a0-3194-g0089908 (webtiles) character file.

41429 4tharraofdagon the Brawler (level 13, -14/120 HPs)
             Began as a Troll Transmuter on Mar 11, 2014.
             Was an Elder of the Shining One.
             Killed by divine providence
             ... invoked by an orc high priest
              (15 damage)
             ... on Level 4 of the Orcish Mines on Mar 12, 2014.
             The game lasted 01:07:21 (9108 turns).

4tharraofdagon the Brawler (Troll Transmuter)       Turns: 9108, Time: 01:07:21

HP -14/120       AC 10     Str 24 (25) XL: 13   Next: 71%
MP  17/21        EV 16     Int 13      God: the Shining One [****..]
Gold 1660        SH  2     Dex 10      Spells:  4 memorised,  8 levels left

rFire  . . .     SeeInvis .       - Unarmed
rCold  . . .     Clarity  .     I - +0 robe
rNeg   + + .     Conserve .     (shield restricted)
rPois  +         rCorr    .     l - +2 hat
rElec  .         rRot     .     f - +0 cloak {rPois}
SustAb . .       Spirit   .     (gloves unavailable)
rMut   .         Warding  .     (boots unavailable)
Gourm  +         Stasis   .     (no amulet)
MR     .....                    R - +3 ring of evasion
                                Y - +4 ring of intelligence

@: about to teleport, very slightly contaminated, glowing, not resistant to
hostile enchantments, very unstealthy
A: unfitting armour, claws 3, horns 1, repulsion field 1, large bone plates 1,
blurry vision 1, breathe flames 1, fast metabolism 3, gourmand, regeneration 2,
saprovore 2, shaggy fur 1, tough skin 2
a: Divine Shield, Cleansing Flame, Renounce Religion, Breathe Fire


You were on level 4 of the Orcish Mines.
You worshipped the Shining One.
The Shining One was greatly pleased with you.
You were completely stuffed.

You visited 3 branches of the dungeon, and saw 23 of its levels.
You also visited: Volcano.

You collected 2011 gold pieces.
You spent 351 gold pieces at shops.

Inventory:

Hand weapons
 C - a +2,+2 giant spiked club
Armour
 b - the +2 cloak of the Thief {+Fog Dam-3 SInv Stlth++}
   (You found it on level 9 of the Dungeon)

   It affects your damage with ranged weapons and melee attacks (-3).
   It enhances your eyesight.
   It can be evoked to emit clouds of fog.
   It makes you much more stealthy.
 f - a +0 cloak of poison resistance (worn)
 l - a +2 hat (worn)
 I - a +0 robe (worn)
Magical devices
 e - a wand of digging (10)
 g - a wand of digging (13)
 v - a wand of fire (8)
 B - a wand of flame (9)
 E - a wand of lightning (1)
 H - a wand of polymorph (10)
 J - a wand of digging (10)
 L - a wand of teleportation (9)
 P - a wand of digging (11)
 Q - a wand of confusion (6)
 U - a wand of confusion (13)
 W - a wand of cold (4)
Comestibles
 a - 7 meat rations
 k - 8 bread rations
 m - a pear
 n - a slice of pizza
 r - 2 apples
 z - a choko
 O - a lemon
Scrolls
 o - 2 scrolls of fog
 t - a scroll of fear
 y - a scroll of remove curse
 D - a scroll of summoning
 F - 2 scrolls of identify
 G - 3 scrolls of teleportation
 V - a scroll of magic mapping
 Z - a scroll of enchant armour
Jewellery
 c - an uncursed ring of protection from fire
 p - an uncursed ring of sustain abilities
 R - a +3 ring of evasion (right claw)
 X - an uncursed ring of protection from fire
 Y - a +4 ring of intelligence (left claw)
Potions
 h - a potion of brilliance
 i - 4 potions of restore abilities
 j - a potion of speed
 q - 2 potions of degeneration
 s - 5 potions of curing
 w - a potion of lignification
 x - a potion of magic
 A - 2 potions of agility
 K - 2 potions of heal wounds
 M - 2 potions of resistance
 S - 4 potions of might
 T - 3 potions of berserk rage
Books
 d - a book of Changes

   Spells                             Type                      Level
   *Beastly Appendage                 Transmutation                1
   Sticks to Snakes                   Transmutation                2
   Spider Form                        Transmutation/Poison         3
   Ice Form                           Ice/Transmutation            4
   *Blade Hands                       Transmutation                5
Miscellaneous
 N - a sack of spiders


   Skills:
 - Level 6.0 Fighting
 - Level 4.0 Dodging
 * Level 15.4 Unarmed Combat
 - Level 3.0 Spellcasting
 - Level 9.3 Transmutations
 + Level 8.1 Invocations
 - Level 3.4 Evocations


You had 8 spell levels left.
You knew the following spells:

 Your Spells              Type           Power        Failure   Level  Hunger
a - Beastly Appendage     Trmt           ####..       1%          1    #......
b - Repel Missiles        Chrm/Air       #.....       38%         2    ##.....
c - Shroud of Golubria    Chrm/Tloc      #.........   38%         2    ##.....
d - Blade Hands           Trmt           ####......   14%         5    ######.


Dungeon Overview and Level Annotations

Branches:
Dungeon (11/16)            Temple (0/1) D:7             Orc (4/4) D:10
    Elf (0/3) Orc:4          Lair (8/8) D:8           Snake (0/5) Lair:3
  Slime (0/6) Lair:6
  Swamp: Lair:3-6    Shoals: Lair:3-6    Spider: Lair:3-6

Altars:
Cheibriados
Dithmenos
Elyvilon
Makhleb
Okawaru
Trog
Zin
The Shining One
Beogh

Shops:
D:8 (   D:9 *   Orc:3 *

Annotations:
Lair:3 SNAKE, Nergalle
Lair:4 exclusion: downstairs


Innate Abilities, Weirdness & Mutations

You are too large for most types of armour.
You have claws for hands.
Your metabolism is lightning-fast.
You like to eat raw meat.
You heal very quickly.
You can eat rotten meat.
You are covered in fur (AC +1).
You have very tough skin (AC +2).
You have a pair of small horns on your head.
You are surrounded by a mild repulsion field (EV +2).
You are partially covered in large bone plates (AC +2, SH +2).
Your vision is a little blurry.
You can breathe flames.


Message History

As you read the scroll of teleportation, it crumbles to dust.
You feel strangely unstable.
The blue devil disappears in a puff of smoke!
The sixfirhy hits you! The sixfirhy shocks you! The sixfirhy misses you.
The sun demon hits you!
You are engulfed in flames!
The sixfirhy hits you! The sixfirhy shocks you!
* * * LOW HITPOINT WARNING * * *
Unknown command.
The sixfirhy hits you!
* * * LOW HITPOINT WARNING * * *
The sixfirhy shocks you!
* * * LOW HITPOINT WARNING * * *
The sixfirhy hits you.
* * * LOW HITPOINT WARNING * * *
The sixfirhy shocks you!
* * * LOW HITPOINT WARNING * * *
The sixfirhy closely misses you.
The orc high priest calls down the wrath of Beogh upon you.
Something smites you!
You die...

##
#...........)...#.....
##...........#.#.#.#..
##.........###......
#....#.....## .....
#....####o...##....
##.### #.o.........
#.. ##o#....... ##.
#34o#o..... ##
##@#....... ####.##.#
## #


You could see an orc high priest, a sun demon, a sixfirhy, an orc warrior and 2
orcs.

Vanquished Creatures
  Maud (Lair:2)
  Gastronok (Lair:1)
  The ghost of Aryth the Hoplite, a powerful FoFi of Okawaru (Lair:1)
  The ghost of TZer0 the Conjurer, a powerful HEWz of Vehumet (Lair:1)
  A death yak (Lair:8)
  2 hill giants
  The ghost of dsn the Carver, an experienced MiFi (D:7)
  2 orc knights
  Joseph (Lair:1)
  An orc sorcerer (Orc:2)
  A griffon (Lair:5)
  10 elephants (Lair:7)
  4 black mambas
  4 spiny frogs
  A spriggan druid (Lair:8)
  2 feature mimics
  8 komodo dragons
  A fire drake (Lair:6)
  14 spriggans (Lair:8)
  A two-headed ogre (Volcano)
  6 giant fireflies (Lair:8)
  A troll (Orc:3)
  A wandering mushroom (Lair:7)
  3 basilisks
  A grizzly bear (Lair:8)
  A shark (Lair:8)
  6 fire bats
  A hog (Volcano)
  2 wyverns
  A gargoyle (D:11)
  4 yaks (Lair:2)
  A hungry ghost (D:10)
  2 wargs
  2 nagas (Lair:3)
  2 steam dragons
  A deep elf fighter (Volcano)
  3 hippogriffs
  23 wolves
  9 water moccasins
  2 giant goldfish (Lair:8)
  A necrophage (D:8)
  4 porcupines
  2 yellow wasps (Lair:8)
  15 orc warriors
  2 phantoms
  7 black bears
  2 boring beetles
  6 ogres
  2 centaurs
  8 crocodiles
  8 giant frogs
  10 giant slugs
  A water moccasin zombie (D:5)
  3 troll zombies (D:10)
  14 killer bees
  2 electric eels
  An eye of draining (D:9)
  A goliath beetle (D:6)
  15 orc priests
  3 jellies
  5 big fish
  A centaur skeleton (D:9)
  Crazy Yiuf (D:3)
  A centaur zombie (D:10)
  7 hounds
  A giant frog skeleton (D:6)
  8 orc wizards
  10 worker ants
  6 iguanas
  12 sheep
  5 ogre zombies (D:10)
  51 green rats
  13 adders
  A worm zombie (D:6)
  3 giant mites
  A worm (D:6)
  A goliath beetle zombie (D:10)
  3 orc skeletons
  3 giant eyeballs
  4 giant geckos
  93 orcs
  3 ball pythons
  7 goblins
  7 hobgoblins
  18 jackals
  2 kobolds (D:3)
  11 quokkas
  10 bats
  3 giant newts
  A goblin skeleton (D:10)
  4 goblin zombies (D:10)
  4 hobgoblin zombies (D:10)
  14 orc zombies (D:10)
  A quokka skeleton (D:5)
  16 rats
  2 fungi (Lair:8)
  2 plants
572 creatures vanquished.

Vanquished Creatures (collateral kills)
  A green rat (Lair:1)
1 creature vanquished.

Vanquished Creatures (others)
  3 spiders (Lair:2)
  A giant slug (Lair:1)
  A giant frog (Lair:1)
  A giant mite (Lair:2)
  A bat (Lair:6)
  4 fungi
  8 plants (Lair:8)
19 creatures vanquished.

Grand Total: 592 creatures vanquished

Notes
Turn   | Place    | Note
--------------------------------------------------------------
     0 | D:1      | 4tharraofdagon, the Troll Transmuter, began the quest for the Orb.
     0 | D:1      | Reached XP level 1. HP: 18/18 MP: 2/2
    64 | D:1      | Reached XP level 2. HP: 21/26 MP: 2/2
   189 | D:2      | You fall through a shaft!
   198 | D:3      | Reached skill level 1 in Fighting
   245 | D:3      | Reached XP level 3. HP: 33/33 MP: 3/3
   374 | D:3      | Gained mutation: You are surrounded by a mild repulsion field (EV +2). [potion of mutation]
   374 | D:3      | Gained mutation: You can breathe flames. [potion of mutation]
   374 | D:3      | Gained mutation: You are partially covered in large bone plates (AC +2, SH +2). [potion of mutation]
   379 | D:3      | Noticed Crazy Yiuf
   386 | D:3      | Killed Crazy Yiuf
   386 | D:3      | Reached XP level 4. HP: 32/41 MP: 2/4
   485 | D:4      | Reached skill level 4 in Unarmed Combat
   500 | D:5      | Entered Level 5 of the Dungeon
   559 | D:5      | Reached XP level 5. HP: 43/48 MP: 4/4
   630 | D:5      | Reached XP level 6. HP: 47/57 MP: 4/6
   677 | D:5      | Found a bloodstained altar of Trog.
   710 | D:5      | Paralysed by a giant eyeball for 2 turns
   762 | D:4      | Noticed a phantom
   777 | D:4      | Killed a phantom
   789 | D:4      | Reached skill level 5 in Unarmed Combat
   959 | D:5      | Found a glowing golden altar of the Shining One.
   990 | D:5      | Became a worshipper of the Shining One
  1149 | D:6      | Reached XP level 7. HP: 51/66 MP: 8/8
  1282 | D:6      | Found a snail-covered altar of Cheibriados.
  1354 | D:7      | Noticed dsn's ghost (experienced MiFi)
  1470 | D:7      | Killed dsn's ghost
  1470 | D:7      | Reached skill level 6 in Unarmed Combat
  1470 | D:7      | Reached XP level 8. HP: 29/75 MP: 9/9
  1552 | D:7      | Learned a level 2 spell: Repel Missiles
  1555 | D:7      | Learned a level 2 spell: Shroud of Golubria
  1567 | D:7      | Found a staircase to the Ecumenical Temple.
  1708 | D:8      | Found a shadowy altar of Dithmenos.
  1814 | D:8      | Found Kotaumu's Antique Weapon Shop.
  1891 | D:8      | Found a staircase to the Lair.
  1906 | D:8      | Got a silk robe
  1928 | D:8      | Identified the cursed +0 robe of Failure {SInv} (You found it on level 8 of the Dungeon)
  1938 | D:8      | Reached skill level 7 in Unarmed Combat
  1997 | D:8      | Learned a level 5 spell: Blade Hands
  2002 | Lair:1   | Entered Level 1 of the Lair of Beasts
  2097 | Lair:1   | Noticed Joseph
  2100 | Lair:1   | Noticed a spiny frog
  2106 | Lair:1   | Noticed Aryth's ghost (powerful FoFi)
  2119 | Lair:1   | Killed Joseph
  2119 | Lair:1   | Reached XP level 9. HP: 35/84 MP: 12/12
  2268 | Lair:1   | Reached skill level 8 in Unarmed Combat
  2352 | Lair:1   | Killed Aryth's ghost
  2352 | Lair:1   | Reached skill level 5 in Transmutations
  2359 | Lair:1   | Noticed Gastronok
  2501 | Lair:1   | Killed Gastronok
  2501 | Lair:1   | Reached skill level 5 in Fighting
  2501 | Lair:1   | Reached skill level 9 in Unarmed Combat
  2501 | Lair:1   | Reached XP level 10. HP: 46/96 MP: 11/13
  2504 | Lair:1   | Noticed TZer0's ghost (powerful HEWz)
  2532 | Lair:1   | Killed TZer0's ghost
  2722 | Lair:1   | Noticed a komodo dragon
  2742 | Lair:1   | Killed a komodo dragon
  2815 | Lair:1   | Acquired the Shining One's first power
  2978 | Lair:2   | Reached skill level 10 in Unarmed Combat
  3112 | Lair:2   | Reached skill level 1 in Evocations
  3327 | Lair:3   | Noticed Maud
  3415 | Lair:2   | HP: 1/98 [Maud/demon blade (28)]
  3486 | Lair:2   | HP: 1/98 [Maud/demon blade (29)]
  3562 | Lair:2   | Noticed a black mamba
  3824 | Lair:3   | Reached XP level 11. HP: 77/105 MP: 12/14
  4228 | Lair:3   | Noticed Nergalle
  4680 | Lair:5   | Acquired the Shining One's second power
  5110 | Lair:5   | Gained mutation: You have a pair of small horns on your head. [potion of beneficial mutation]
  5155 | Lair:5   | Noticed an eight-headed hydra
  5353 | Lair:6   | Found a staircase to the Slime Pits.
  5412 | Lair:7   | Reached skill level 1 in Invocations
  5438 | Lair:7   | Reached skill level 11 in Unarmed Combat
  5511 | Lair:7   | Reached XP level 12. HP: 27/114 MP: 5/15
  5549 | Lair:7   | Gained mutation: Your vision is a little blurry. [mutagenic glow]
  5691 | Lair:7   | Found a dark tunnel.
  5709 | Volcano  | Entered a volcano
  5952 | Lair:7   | Reached skill level 12 in Unarmed Combat
  6008 | Lair:7   | Noticed an eight-headed hydra
  6056 | Lair:8   | Entered Level 8 of the Lair of Beasts
  6405 | Lair:8   | Reached skill level 5 in Invocations
  6588 | Lair:8   | Reached skill level 13 in Unarmed Combat
  6590 | Lair:8   | Noticed a spriggan rider
  6595 | Lair:8   | Killed a spriggan rider
  6595 | Lair:8   | Killed a giant firefly
  6638 | Lair:8   | Noticed a spriggan rider
  6650 | Lair:8   | Killed a spriggan rider
  6650 | Lair:8   | Killed a giant firefly
  6731 | Lair:8   | Noticed a spriggan rider
  6740 | Lair:8   | Killed a spriggan rider
  6740 | Lair:8   | Killed a giant firefly
  6740 | Lair:8   | Reached XP level 13. HP: 65/120 MP: 9/18
  6822 | Lair:8   | Reached skill level 14 in Unarmed Combat
  7041 | Lair:6   | Found a glowing silver altar of Zin.
  7356 | Lair:3   | Found a staircase to the Snake Pit.
  7405 | Lair:2   | Killed Maud
  7495 | D:9      | Found Feluethu's Assorted Antiques.
  7507 | D:9      | Bought a potion of heal wounds for 99 gold pieces
  7507 | D:9      | Bought a potion of curing for 66 gold pieces
  7507 | D:9      | Bought a scroll of identify for 66 gold pieces
  7528 | D:9      | Found a white marble altar of Elyvilon.
  7676 | D:10     | Entered Level 10 of the Dungeon
  7894 | D:10     | Found a staircase to the Orcish Mines.
  7932 | D:10     | Reached skill level 15 in Unarmed Combat
  7950 | D:10     | Acquired the Shining One's third power
  8077 | Orc:1    | Entered Level 1 of the Orcish Mines
  8134 | Orc:2    | Found a roughly hewn altar of Beogh.
  8338 | Orc:3    | Found a burning altar of Makhleb.
  8703 | Orc:3    | Found Satt's Assorted Antiques.
  8808 | Orc:3    | Bought a scroll labeled OWADGH HACK for 24 gold pieces
  8808 | Orc:3    | Bought a lead wand for 96 gold pieces
  8841 | Orc:4    | Entered Level 4 of the Orcish Mines
  8877 | Orc:4    | Found an iron altar of Okawaru.
  8880 | Orc:4    | Found a staircase to the Elven Halls.
  9108 | Orc:4    | HP: 1/120 [sixfirhy[an orc high priest] (7)]
  9108 | Orc:4    | Killed from afar by an orc high priest

Action                   |  1- 3 |  4- 6 |  7- 9 | 10-12 | 13-15 || total
-------------------------+-------+-------+-------+-------+-------++-------
Melee: Unarmed           |    47 |   150 |   226 |   776 |   455 ||  1654
 Cast: Beastly Appendage |     2 |     1 |     7 |    22 |       ||    32
       Blade Hands       |       |       |       |    12 |    12 ||    24
       Shroud of Golubri |       |       |       |     2 |       ||     2
 Abil: Breathe Fire      |     1 |       |       |       |       ||     1
       End Transformatio |       |       |       |     1 |       ||     1
Evoke: Wand              |     1 |     1 |    11 |    11 |     6 ||    30
       Sack of spiders   |       |       |       |     4 |       ||     4
  Use: Scroll            |     2 |     1 |     3 |    21 |     5 ||    32
       Potion            |     1 |       |     2 |     7 |     4 ||    14
